TOP OF THE 1ST |
Arizona State Sun Devils batting - Pitching for Rutgers Scarlet Knights : RHP Steve Holden
|
Pitching: RHP Steve Holden
|
|
Batting: LHB José Serrano
|
0-0: Called Strike 0-1: Foul Ball, location: 2F 0-2: Ball 1-2: Ball 2-2: Fly out, F7 (Flyball, 7S)
|
Batting: RHB Gil Gardner
|
0-0: Ball 1-0: Called Strike 1-1: Reached on error, E5 (Groundball, 56)
|
Batting: RHB Cristo Avalos
|
0-0: Called Strike 0-1: Ball 1-1: Called Strike 1-2: Strikes out looking
|
Batting: RHB Dan Utermarck
|
0-0: Called Strike 0-1: Ball 1-1: SINGLE (Flyball, 78M) Gil Gardner to second
|
Batting: LHB Leonardo Ríos
|
0-0: Called Strike 0-1: Foul Ball, location: 2F 0-2: Ball 1-2: Strikes out swinging
|
Top of the 1st over - 0 runs, 1 hit, 1 error, 2 left on base; Arizona State 0 - Rutgers 0 |
BOTTOM OF THE 1ST |
Rutgers Scarlet Knights batting - Pitching for Arizona State Sun Devils : RHP Brad Tatum
|
Pitching: RHP Brad Tatum
|
|
Batting: RHB Theodore Burgess
|
0-0: Ball 1-0: Called Strike 1-1: Ball 2-1: Foul Ball, location: 2F 2-2: Ball 3-2: SINGLE (Flyball, 9S)
|
Batting: RHB Manuel Martínez
|
0-0: Ball 1-0: Called Strike 1-1: Foul Ball, location: 2F 1-2: Fly out, F7 (Flyball, 7S)
|
Batting: RHB Howard Battle
|
0-0: Ball 1-0: Swinging Strike 1-1: Foul Ball, location: 2F 1-2: Fly out, F9 (Flyball, 9D)
|
Batting: RHB Grant Kelly
|
0-0: Ball 1-0: Foul Ball, location: 2F 1-1: Fielders Choice at 2nd, 6-4 (Groundball, 6)
|
Bottom of the 1st over - 0 runs, 1 hit, 0 errors, 1 left on base; Arizona State 0 - Rutgers 0 |
TOP OF THE 2ND |
Arizona State Sun Devils batting - Pitching for Rutgers Scarlet Knights : RHP Steve Holden
|
Batting: RHB Neal O'Slattery
|
0-0: Foul Ball, location: 2F 0-1: Foul Ball, location: 2F 0-2: Fly out, F8 (Flyball, 8LD)
|
Batting: RHB Joe Reed
|
0-0: Foul Ball, location: 2F 0-1: Ball 1-1: Fly out, F9 (Flyball, 9)
|
Batting: RHB Robbie Harris
|
0-0: Called Strike 0-1: Ball 1-1: Swinging Strike 1-2: Ball 2-2: Strikes out swinging
|
Top of the 2nd over - 0 runs, 0 hits, 0 errors, 0 left on base; Arizona State 0 - Rutgers 0 |
BOTTOM OF THE 2ND |
Rutgers Scarlet Knights batting - Pitching for Arizona State Sun Devils : RHP Brad Tatum
|
Batting: RHB Jesús Herrera
|
0-0: Called Strike 0-1: Called Strike 0-2: Ball 1-2: Foul Ball, location: 2F 1-2: Ball 2-2: Ball 3-2: Foul Ball, location: 2F 3-2: Foul Ball, location: 2F 3-2: Base on Balls
|
Batting: SHB Erwin Dwyer
|
0-0: Called Strike 0-1: Ground out 3-1 (Groundball, 34) Jesús Herrera to second
|
Batting: RHB Norm Gunn
|
0-0: Ball 1-0: Ball 2-0: Called Strike 2-1: Ball 3-1: Called Strike 3-2: Base on Balls
|
Batting: RHB Ben Baker
|
0-0: Ball 1-0: Reached on error, E4 (Groundball, 34) Jesús Herrera to third Norm Gunn to second
|
Batting: RHB Roy Lovell
|
0-0: Ball 1-0: Ball 2-0: Ball 3-0: Foul Ball, location: 2F 3-1: Base on Balls Jesús Herrera scores Norm Gunn to third Ben Baker to second
|
Batting: RHB Theodore Burgess
|
0-0: Foul Ball, location: 2F 0-1: Foul Ball, location: 2F 0-2: Foul Ball, location: 2F 0-2: Strikes out swinging
|
Batting: RHB Manuel Martínez
|
0-0: Ball 1-0: Called Strike 1-1: Foul Ball, location: 2F 1-2: Ball 2-2: SINGLE (Groundball, 56S) (infield hit) Norm Gunn scores Ben Baker to third Roy Lovell to second
|
Batting: RHB Howard Battle
|
0-0: Ball 1-0: Ball 2-0: Foul Ball, location: 2F 2-1: Fly out, F3 (Popup, 34)
|
Bottom of the 2nd over - 2 runs, 1 hit, 1 error, 3 left on base; Arizona State 0 - Rutgers 2 |
TOP OF THE 3RD |
Arizona State Sun Devils batting - Pitching for Rutgers Scarlet Knights : RHP Steve Holden
|
Batting: RHB Michael Irvin
|
0-0: Ball 1-0: Ball 2-0: DOUBLE (Line Drive, 89D)
|
Batting: LHB José Serrano
|
0-0: Called Strike 0-1: Ball 1-1: Called Strike 1-2: Strikes out swinging
|
Batting: RHB Gil Gardner
|
0-0: Called Strike Michael Irvin steals 3rd base 0-1: Called Strike 0-2: Strikes out swinging
|
Batting: RHB Cristo Avalos
|
0-0: Called Strike 0-1: Called Strike 0-2: SINGLE (Flyball, 8LS) Michael Irvin scores
|
Batting: RHB Dan Utermarck
|
0-0: Ball 1-0: Foul Ball, location: 2F 1-1: Swinging Strike 1-2: Ball 2-2: Foul Ball, location: 2F 2-2: Strikes out swinging
|
Top of the 3rd over - 1 run, 2 hits, 0 errors, 1 left on base; Arizona State 1 - Rutgers 2 |
BOTTOM OF THE 3RD |
Rutgers Scarlet Knights batting - Pitching for Arizona State Sun Devils : RHP Brad Tatum
|
Batting: RHB Grant Kelly
|
0-0: Foul Ball, location: 2F 0-1: Ball 1-1: Ball 2-1: Ball 3-1: Base on Balls
|
Batting: RHB Jesús Herrera
|
0-0: Ball 1-0: Foul Ball, location: 2F 1-1: Called Strike 1-2: Strikes out swinging
|
Batting: SHB Erwin Dwyer
|
0-0: Ball 1-0: Ground out 6-3 (Groundball, 6M) Grant Kelly to second
|
Batting: RHB Norm Gunn
|
0-0: SINGLE (Groundball, 4MD) Grant Kelly to third Runner from 3rd tries for Home, SAFE, throw made home
|
Batting: RHB Ben Baker
|
0-0: Swinging Strike 0-1: Ball 1-1: SINGLE (Line Drive, 78S) Norm Gunn to second
|
Batting: RHB Roy Lovell
|
0-0: SINGLE (Flyball, 8LS) Norm Gunn to third Ben Baker to second Throwing error, E8 Norm Gunn scores Ben Baker to third Roy Lovell to second
|
Batting: RHB Theodore Burgess
|
0-0: Ball 1-0: Called Strike 1-1: Foul Ball, location: 2F 1-2: Ball 2-2: Ball 3-2: Hit by Pitch
|
Batting: RHB Manuel Martínez
|
0-0: Ball 1-0: Ball 2-0: Foul Ball, location: 2F 2-1: Ball 3-1: SINGLE (Line Drive, 56) Ben Baker scores Roy Lovell to third Theodore Burgess to second Runner from 3rd tries for Home, SAFE, no throw
|
Pitching: RHP Juan Álvarez
|
|
Batting: RHB Howard Battle
|
0-0: Foul Ball, location: 2F 0-1: Ground out 4-3 (Groundball, 4)
|
Bottom of the 3rd over - 4 runs, 4 hits, 1 error, 2 left on base; Arizona State 1 - Rutgers 6 |
TOP OF THE 4TH |
Arizona State Sun Devils batting - Pitching for Rutgers Scarlet Knights : RHP Steve Holden
|
Batting: LHB Leonardo Ríos
|
0-0: Ball 1-0: SINGLE (Groundball, 4MD)
|
Batting: RHB Neal O'Slattery
|
0-0: Hit by Pitch Leonardo Ríos to second
|
Batting: RHB Joe Reed
|
0-0: Ball 1-0: Swinging Strike 1-1: Called Strike 1-2: Ball 2-2: Strikes out swinging
|
Batting: RHB Robbie Harris
|
0-0: Foul Ball, location: 2F 0-1: Swinging Strike 0-2: Foul Ball, location: 2F 0-2: Ball 1-2: Ball 2-2: Ball 3-2: Reached on error, E4 (Groundball, 4) Leonardo Ríos to third Neal O'Slattery to second
|
Batting: RHB Michael Irvin
|
0-0: Ball 1-0: SINGLE (Groundball, 4MD) Leonardo Ríos scores Neal O'Slattery to third Robbie Harris to second
|
Batting: LHB José Serrano
|
0-0: Foul Ball, location: 2F 0-1: Foul Ball, location: 2F 0-2: Ball 1-2: Ball 2-2: Strikes out swinging
|
Batting: RHB Gil Gardner
|
0-0: Ball 1-0: Called Strike 1-1: Foul Ball, location: 2F 1-2: Strikes out swinging
|
Top of the 4th over - 1 run, 2 hits, 1 error, 3 left on base; Arizona State 2 - Rutgers 6 |
BOTTOM OF THE 4TH |
Rutgers Scarlet Knights batting - Pitching for Arizona State Sun Devils : RHP Juan Álvarez
|
Batting: RHB Grant Kelly
|
0-0: Swinging Strike 0-1: Swinging Strike 0-2: Foul Ball, location: 2F 0-2: Ball 1-2: Strikes out swinging
|
Batting: RHB Jesús Herrera
|
0-0: Ball 1-0: DOUBLE (Groundball, 5L)
|
Batting: SHB Erwin Dwyer
|
0-0: Ball 1-0: Ground out U3 (Groundball, 3) Jesús Herrera to third
|
Batting: RHB Norm Gunn
|
0-0: Called Strike 0-1: SINGLE (Line Drive, 8LS) Jesús Herrera scores
|
Batting: RHB Ben Baker
|
0-0: Called Strike 0-1: Swinging Strike 0-2: Ball 1-2: Strikes out swinging
|
Bottom of the 4th over - 1 run, 2 hits, 0 errors, 1 left on base; Arizona State 2 - Rutgers 7 |
TOP OF THE 5TH |
Arizona State Sun Devils batting - Pitching for Rutgers Scarlet Knights : RHP Steve Holden
|
Batting: RHB Cristo Avalos
|
0-0: Ball 1-0: SINGLE (Groundball, 6MD)
|
Batting: RHB Dan Utermarck
|
0-0: Grounds into double play, 6-4-3 (Groundball, 6)
|
Batting: LHB Leonardo Ríos
|
0-0: Foul Ball, location: 2F 0-1: Swinging Strike 0-2: DOUBLE (Line Drive, 7D)
|
Pitching: RHP Michael O'Rorke
|
|
Batting: RHB Neal O'Slattery
|
0-0: Ground out U3 (Groundball, 34)
|
Top of the 5th over - 0 runs, 2 hits, 0 errors, 1 left on base; Arizona State 2 - Rutgers 7 |
BOTTOM OF THE 5TH |
Rutgers Scarlet Knights batting - Pitching for Arizona State Sun Devils : RHP Juan Álvarez
|
Batting: RHB Roy Lovell
|
0-0: Foul Ball, location: 2F 0-1: Ball 1-1: Single, Error in OF, E8, batter to second base
|
Batting: RHB Theodore Burgess
|
0-0: Ball 1-0: Ball Wild Pitch! Roy Lovell to third 2-0: 2-RUN HOME RUN (Flyball, 7D), Distance : 369 ft
|
Batting: RHB Manuel Martínez
|
0-0: Ball 1-0: Foul Ball, location: 2F 1-1: SINGLE (Line Drive, 7LS)
|
Batting: RHB Howard Battle
|
0-0: Grounds into double play, 4-6-3 (Groundball, 4)
|
Batting: RHB Grant Kelly
|
0-0: SINGLE (Line Drive, 6MD)
|
Batting: RHB Jesús Herrera
|
0-0: Ball 1-0: Fly out, F3 (Popup, 3D)
|
Bottom of the 5th over - 2 runs, 4 hits, 1 error, 1 left on base; Arizona State 2 - Rutgers 9 |
TOP OF THE 6TH |
Arizona State Sun Devils batting - Pitching for Rutgers Scarlet Knights : RHP Michael O'Rorke
|
Batting: RHB Joe Reed
|
0-0: Ball 1-0: Swinging Strike 1-1: Ball 2-1: Ball 3-1: Base on Balls
|
Batting: RHB Robbie Harris
|
0-0: 2-RUN HOME RUN (Flyball, 89XD), Distance : 390 ft
|
Batting: RHB Michael Irvin
|
0-0: Ball 1-0: SOLO HOME RUN (Flyball, 7LD), Distance : 328 ft
|
Pitching: RHP Steven Lawson
|
|
Batting: LHB José Serrano
|
0-0: Ball 1-0: Reached via error on a dropped throw, E3
|
Batting: RHB Gil Gardner
|
0-0: Ball 1-0: Foul Ball, location: 2F 1-1: Ball 2-1: Ball 3-1: Base on Balls José Serrano to second
|
Batting: RHB Cristo Avalos
|
0-0: Foul Ball, location: 2F 0-1: SINGLE (Flyball, 89M) José Serrano to third Gil Gardner to second Runner from 3rd tries for Home, SAFE, throw made home
|
Batting: RHB Dan Utermarck
|
0-0: Called Strike 0-1: Ball 1-1: Ball 2-1: Ball 3-1: Foul Ball, location: 2F 3-2: Grounds into double play, 6-4-3 (Groundball, 56) Gil Gardner to third
|
Batting: LHB Leonardo Ríos
|
0-0: Ball 1-0: Foul Ball, location: 2F 1-1: Ball 2-1: Foul Ball, location: 2F 2-2: Strikes out swinging
|
Top of the 6th over - 4 runs, 3 hits, 1 error, 1 left on base; Arizona State 6 - Rutgers 9 |
BOTTOM OF THE 6TH |
Rutgers Scarlet Knights batting - Pitching for Arizona State Sun Devils : RHP Juan Álvarez
|
Pitching: LHP Bobby Briggs
|
|
Batting: SHB Erwin Dwyer
|
0-0: SINGLE (Line Drive, 6)
|
Batting: RHB Norm Gunn
|
0-0: Called Strike 0-1: Foul Ball, location: 2F 0-2: Fly out, F7 (Flyball, 7LMF)
|
Batting: RHB Ben Baker
|
0-0: Ball 1-0: Called Strike 1-1: Swinging Strike 1-2: Foul Ball, location: 2F 1-2: SINGLE (Groundball, 34D) Erwin Dwyer to second
|
Batting: RHB Roy Lovell
|
0-0: Foul Ball, location: 2F 0-1: Swinging Strike 0-2: Ball 1-2: SINGLE (Line Drive, 7S) Erwin Dwyer to third Ben Baker to second
|
Batting: RHB Theodore Burgess
|
0-0: Fly out, F6 (Line Drive, 6) Lined into DP, 6-4 (Line Drive, 6)
|
Bottom of the 6th over - 0 runs, 3 hits, 0 errors, 2 left on base; Arizona State 6 - Rutgers 9 |
TOP OF THE 7TH |
Arizona State Sun Devils batting - Pitching for Rutgers Scarlet Knights : RHP Steven Lawson
|
Batting: RHB Neal O'Slattery
|
0-0: Fly out, F9 (Flyball, 89S)
|
Batting: RHB Joe Reed
|
0-0: Swinging Strike 0-1: Fly out, F5 (Popup, 56)
|
Batting: RHB Robbie Harris
|
0-0: SINGLE (Line Drive, 34D)
|
Batting: RHB Michael Irvin
|
0-0: Ball 1-0: Ball 2-0: Called Strike 2-1: Ball 3-1: Base on Balls Robbie Harris to second
|
Pitching: LHP Bradley Hansen
|
|
Batting: LHB José Serrano
|
0-0: Ball 1-0: Called Strike 1-1: Ball 2-1: Ball 3-1: SINGLE (Groundball, 23) (infield hit) Robbie Harris to third Michael Irvin to second
|
Batting: RHB Gil Gardner
|
0-0: Ball 1-0: Foul Ball, location: 2F 1-1: Called Strike 1-2: Ball 2-2: Foul Ball, location: 2F 2-2: Fly out, F8 (Flyball, 89D)
|
Top of the 7th over - 0 runs, 2 hits, 0 errors, 3 left on base; Arizona State 6 - Rutgers 9 |
BOTTOM OF THE 7TH |
Rutgers Scarlet Knights batting - Pitching for Arizona State Sun Devils : LHP Bobby Briggs
|
Batting: RHB Manuel Martínez
|
0-0: Ball 1-0: Ground out 6-3 (Groundball, 6)
|
Batting: RHB Howard Battle
|
0-0: Fly out, F3 (Popup, 34)
|
Batting: RHB Grant Kelly
|
0-0: Ball 1-0: Reached on error, E5 (Groundball, 5S)
|
Batting: RHB Jesús Herrera
|
0-0: Ball 1-0: SINGLE (Groundball, 56D) Grant Kelly to second
|
Batting: SHB Erwin Dwyer
|
0-0: Called Strike 0-1: Ball 1-1: Called Strike 1-2: Strikes out swinging
|
Bottom of the 7th over - 0 runs, 1 hit, 1 error, 2 left on base; Arizona State 6 - Rutgers 9 |
TOP OF THE 8TH |
Arizona State Sun Devils batting - Pitching for Rutgers Scarlet Knights : LHP Bradley Hansen
|
Batting: RHB Cristo Avalos
|
0-0: Swinging Strike 0-1: Foul Ball, location: 2F 0-2: Ball 1-2: Foul Ball, location: 2F 1-2: Strikes out looking
|
Batting: RHB Dan Utermarck
|
0-0: Ball Error on foul ball, E2 1-1: Foul Ball, location: 2F 1-2: Ball 2-2: SINGLE (Flyball, 78S)
|
Batting: LHB Leonardo Ríos
|
0-0: Called Strike 0-1: Ball 1-1: Ball 2-1: Foul Ball, location: 2F 2-2: Ball 3-2: Strikes out looking
|
Batting: RHB Neal O'Slattery
|
0-0: Ball 1-0: Swinging Strike 1-1: Swinging Strike 1-2: Fly out, F6 (Popup, 6)
|
Top of the 8th over - 0 runs, 1 hit, 1 error, 1 left on base; Arizona State 6 - Rutgers 9 |
BOTTOM OF THE 8TH |
Rutgers Scarlet Knights batting - Pitching for Arizona State Sun Devils : LHP Bobby Briggs
|
Batting: RHB Norm Gunn
|
0-0: Ball 1-0: Ball 2-0: Called Strike 2-1: Ball 3-1: Base on Balls
|
Batting: RHB Ben Baker
|
0-0: Called Strike 0-1: Ball 1-1: Ball 2-1: Ball 3-1: Base on Balls Norm Gunn to second
|
Batting: RHB Roy Lovell
|
0-0: DOUBLE (Flyball, 89D) Norm Gunn scores Ben Baker to third
|
Batting: RHB Theodore Burgess
|
0-0: Fly out, F7 (Flyball, 7LM)
|
Batting: RHB Manuel Martínez
|
0-0: Foul Ball, location: 2F 0-1: Ball 1-1: Ball 2-1: Foul Ball, location: 2F 2-2: Ball 3-2: Foul Ball, location: 2F 3-2: Base on Balls
|
Batting: RHB Howard Battle
|
0-0: Swinging Strike 0-1: Called Strike 0-2: Strikes out swinging
|
Batting: RHB Grant Kelly
|
0-0: Swinging Strike 0-1: Ball 1-1: Ball 2-1: Swinging Strike 2-2: Ball 3-2: Strikes out looking
|
Bottom of the 8th over - 1 run, 1 hit, 0 errors, 3 left on base; Arizona State 6 - Rutgers 10 |
TOP OF THE 9TH |
Arizona State Sun Devils batting - Pitching for Rutgers Scarlet Knights : LHP Bradley Hansen
|
Batting: RHB Joe Reed
|
0-0: Called Strike 0-1: Ball 1-1: Called Strike 1-2: Strikes out swinging
|
Batting: RHB Robbie Harris
|
0-0: Foul Ball, location: 2F 0-1: Ball 1-1: Foul Ball, location: 2F 1-2: Hit by Pitch
|
Pitching: RHP Tim Jackson
|
|
Batting: RHB Michael Irvin
|
0-0: Ball 1-0: Called Strike 1-1: Ball 2-1: Ball 3-1: Foul Ball, location: 2F 3-2: Foul Ball, location: 2F 3-2: Strikes out swinging
|
Batting: LHB José Serrano
|
0-0: Ball 1-0: Foul Ball, location: 2F 1-1: Ground out 4-3 (Groundball, 4)
|
Top of the 9th over - 0 runs, 0 hits, 0 errors, 1 left on base; Arizona State 6 - Rutgers 10 |
|